 Dungeon Crawl Stone Soup version 0.29-a0-409-gd843f3a48c (webtiles) character file.

Game seed: 14507080125920063918

2663 trckry the Summoner (level 9, 0/40 HPs)
             Began as a Tengu Summoner on May 13, 2022.
             Was a Follower of Hepliaklqana.
             Killed from afar by a steam dragon (17 damage)
             ... with a ball of steam
             ... on level 7 of the Dungeon.
             The game lasted 00:28:16 (7491 turns).

trckry the Summoner (Tengu Summoner)                Turns: 7491, Time: 00:28:16

Health: 0/40       AC:  5    Str:  8    XL:     9   Next: 63%
Magic:  13/19      EV: 15    Int: 19    God:    Hepliaklqana [*.....]
Gold:   341        SH:  0    Dex: 16    Spells: 11/20 levels left

rFire   . . .      SeeInvis .   n - +2 whip (elec)
rCold   . . .      Faith    .   (no shield)
rNeg    + . .      Spirit   .   s - +2 robe {rN+}
rPois   .          Reflect  .   u - +1 hat
rElec   .          Harm     .   (no cloak)
rCorr   .          Rampage  .   (no gloves)
Will    .....                   (boots unavailable)
Stlth   ++........              (no amulet)
HPRegen 0.13/turn               (no ring)
MPRegen 0.16/turn               (no ring)

@: weak-willed, flying quickly and evasively, quick
A: reduced essence, beak, talons 3, nimble flight
a: Renounce Religion, Recall Ancestor, Ancestor Identity


You were on level 7 of the Dungeon.
You worshipped Hepliaklqana.
Hepliaklqana was aware of your devotion.
You visited 2 branches of the dungeon, and saw 8 of its levels.

You collected 341 gold pieces.

Inventory:

Hand Weapons
 n - a +2 whip of electrocution (weapon)
 C - a +1 short sword of venom
Missiles
 v - 6 poisoned darts (quivered)
Armour
 s - a +2 robe of positive energy (worn)
 u - a +1 hat (worn)
 w - a +0 buckler
 B - a +2 leather armour of cold resistance
Jewellery
 x - an amulet of faith
 y - a ring of wizardry
Wands
 a - a wand of charming (13)
Scrolls
 d - 4 scrolls of identify
 e - a scroll of amnesia
 h - 5 scrolls of poison
 l - a scroll of fear
 p - 2 scrolls of vulnerability
 q - a scroll of teleportation
 r - a scroll of noise
 t - a scroll of blinking
 A - a scroll of immolation
Potions
 b - a potion of magic
 c - a potion of mutation {unknown}
 f - 2 potions of lignification {unknown}
 g - a potion of resistance {unknown}
 i - 7 potions of curing {unknown}
 j - a potion of might {unknown}
 k - 2 potions of brilliance {unknown}
 m - a potion of heal wounds {unknown}
 o - 2 potions of attraction {unknown}
 z - a potion of flight {unknown}
 D - a potion of berserk rage {unknown}


   Skills:
 - Level 2.1 Dodging
 - Level 2.0 Stealth
 + Level 6.4 Spellcasting
 * Level 12.3 Summonings
 + Level 6.8 Air Magic


You had 11 spell levels left.
You knew the following spells:

 Your Spells              Type           Power      Damage    Failure   Level
b - Call Imp              Summ           52%        N/A       1%          2
c - Call Canine Familiar  Summ           52%        N/A       1%          3
d - Summon Lightning Spi  Summ/Air       42%        N/A       1%          4

Your spell library contained the following spells:

 Spells                   Type           Power      Damage    Failure   Level
 Summon Small Mammal      Summ           100%       N/A       1%          1
 Summon Guardian Golem    Hex/Summ       29%        N/A       2%          3
 Static Discharge         Conj/Air       19%        N/A       4%          2
 Animate Armour           Summ/Erth      58%        N/A       9%          4
 Summon Cactus Giant      Summ           26%        N/A       11%         6
 Summon Forest            Summ/Tloc      14%        N/A       24%         5
 Summon Mana Viper        Hex/Summ       29%        N/A       24%         5
 Portal Projectile        Hex/Tloc       12%        N/A       32%         3
 Stone Arrow              Conj/Erth      12%        3d7       32%         3
 Dispel Undead            Necr           6%         3d8       71%         4
 Sticky Flame             Conj/Fire      6%         2d3       71%         4
 Blade Hands              Tmut           3%         N/A       96%         5
 Excruciating Wounds      Necr           3%         N/A       96%         5
 Lehudib's Crystal Spear  Conj/Erth      3%         10d2      100%        8


Dungeon Overview and Level Annotations

Branches:
Dungeon (7/15)             Temple (1/1) D:5

Altars:
Cheibriados
Fedhas
Gozag
Hepliaklqana
Makhleb
Nemelex Xobeh
Okawaru
Qazlal
Ru
Sif Muna
Trog
Uskayaw
Vehumet
Wu Jian
Yredelemnul
Zin
The Shining One

Shops:
D:1 *   D:6 (


Innate Abilities, Weirdness & Mutations

Your life essence is reduced to manifest your ancestor. (-10% HP)
You have a beak for a mouth.
You have claws for feet.
Your magical nature lets you fly swiftly and evasively.


Message History

You swap places.
Found 15 gold pieces and a trident.
There is a stone staircase leading up here.
The orc misses your warg.
Your warg bites the orc.
Flame seeps out of the orc.
Your warg barely misses the orc.
The orc is engulfed in blazing flames.
The orc explodes!
The fiery explosion engulfs your warg!
Your warg is moderately wounded.
Your warg disappears in a puff of smoke!
You hear a shout!
You hear an angry hiss.
You now have 341 gold pieces (gained 15).
Found an escape hatch in the ceiling.
You hear the faint creaking of a portcullis nearby.
Casting: Call Canine Familiar (safe; 1% risk of failure)
Confirm with . or Enter, or press ? or * to list all spells.
The orc warrior hits you with a +0 flail!
You take 10 damage, and have 16/40 hp.
MASSIVE DAMAGE!!
You now have 15/19 mp.
Your wolf bites the orc warrior.
Your wolf bites the orc warrior but does no damage.
An orc comes into view. It is wielding a +0 club.
A steam dragon comes into view.
Your wolf closely misses the orc warrior.
The steam dragon breathes steam at Tochtli.
The ball of steam hits Tochtli.
Tochtli resists.
Tochtli hits the steam dragon.
Casting: Call Canine Familiar (safe; 1% risk of failure)
Confirm with . or Enter, or press ? or * to list all spells.
An electric hum fills the air.
Your wolf bites the orc warrior but does no damage.
You now have 12/19 mp.
You swap places.
Your wolf bites the orc warrior but does no damage.
The steam dragon closely misses you. The steam dragon barely misses you.
The orc warrior misses you.
Your wolf bites the orc warrior.
Your wolf bites the orc warrior!
Tochtli closely misses the orc warrior.
Tochtli hits the orc warrior.
The steam dragon breathes steam at you. The ball of steam hits you!
You die...

#.. ..# #.# #.#
############.####.#
#........o......#.#
.#.#..<####.##...#
#...#.# #.o8h#.#
...). #.#######Ro.#
#.## #.#.......D.#
# #.#.######@.# .)#
#.......# ...
#....#..# ....
#.......# ..#
.............. ...
......#.......##
..# #.....#.#
...... .#


You could see the friendly Tochtli the ancestor, a steam dragon (catching
breath, ally target), an orc warrior (ally target), a friendly wolf (summoned)
and a friendly lightning spire (summoned).

Vanquished Creatures
  A centaur (D:5)
  An orc wizard (D:4)
  3 orcs
  A bat (D:2)
  A hobgoblin (D:4)
  A quokka (D:3)
  A ball python (D:3)
  2 frilled lizards (D:3)
  A kobold (D:2)
12 creatures vanquished.

Vanquished Creatures (collateral kills)
  6 yaks (D:5)
  A steam dragon (D:6)
  2 ice beasts
  An orc warrior (D:6)
  2 ogres (D:4)
  3 phantoms
  A bullfrog (D:6)
  4 necrophages
  A scorpion (D:7)
  A howler monkey (D:5)
  2 jellies
  2 iguanas
  5 orc wizards
  8 gnolls (D:6)
  4 adders
  A white imp (D:7)
  2 ufetubi
  2 dart slugs
  13 orcs
  6 bats
  13 endoplasms
  4 giant cockroaches (D:1)
  5 goblins
  7 hobgoblins
  8 kobolds
  4 quokkas
  8 ball pythons
  4 frilled lizards
  2 rats
122 creatures vanquished.

Grand Total: 134 creatures vanquished

Notes
Turn   | Place    | Note
-------+----------+-------------------------------------------
     0 | D:1      | trckry the Tengu Summoner began the quest for the Orb.
     0 | D:1      | Reached XP level 1. HP: 10/10 MP: 4/4
    59 | D:1      | You fall into a shaft and drop 1 floor!
   101 | D:2      | Found a glowing golden altar of the Shining One.
   149 | D:2      | Reached skill level 5 in Summonings
   364 | D:2      | Found a faded altar of an unknown god.
   380 | D:2      | Reached XP level 2. HP: 15/15 MP: 4/6
   565 | D:2      | Learned a level 2 spell: Call Imp
   762 | D:2      | Reached XP level 3. HP: 19/19 MP: 4/7
   783 | D:2      | Learned a level 3 spell: Call Canine Familiar
  1590 | D:1      | Reached skill level 6 in Summonings
  1862 | D:1      | Found Dasut's General Store.
  1898 | D:1      | Reached XP level 4. HP: 24/24 MP: 7/9
  2985 | D:3      | Found a stormy altar of Qazlal.
  3065 | D:3      | Noticed a necrophage
  3092 | D:3      | Killed a necrophage
  3093 | D:3      | Gained mutation: Your magical nature lets you fly swiftly
                  | and evasively. [Tengu growth]
  3093 | D:3      | Reached XP level 5. HP: 21/28 MP: 2/10
  3348 | D:4      | Reached skill level 7 in Summonings
  3389 | D:4      | Upgraded the game from 0.29-a0-398-ge13fd1374b to
                  | 0.29-a0-409-gd843f3a48c
  3660 | D:4      | Noticed an ogre
  3709 | D:4      | Killed an ogre
  3710 | D:4      | Reached XP level 6. HP: 22/32 MP: 3/12
  3737 | D:4      | Reached skill level 8 in Summonings
  4069 | D:4      | Reached XP level 7. HP: 19/36 MP: 11/14
  4339 | D:4      | Learned a level 4 spell: Summon Lightning Spire
  4354 | D:5      | Entered Level 5 of the Dungeon
  4404 | D:5      | Reached skill level 1 in Air Magic
  4541 | D:5      | Reached skill level 9 in Summonings
  4919 | D:5      | Reached XP level 8. HP: 41/41 MP: 8/16
  5132 | D:5      | Found a staircase to the Ecumenical Temple.
  5243 | Temple   | Entered the Ecumenical Temple
  5434 | Temple   | Became a worshipper of Hepliaklqana the Forgotten
  5578 | D:5      | Noticed a yak
  5579 | D:5      | Noticed a yak
  5580 | D:5      | Noticed a yak
  5584 | D:5      | Noticed a yak
  5585 | D:5      | Killed a yak
  5586 | D:5      | Reached skill level 5 in Spellcasting
  5586 | D:5      | Reached skill level 10 in Summonings
  5586 | D:5      | Noticed a yak
  5587 | D:5      | Noticed a yak
  5610 | D:5      | Killed a yak
  5620 | D:5      | Killed a yak
  5626 | D:5      | Killed a yak
  5627 | D:5      | Reached skill level 5 in Air Magic
  5628 | D:5      | Killed a yak
  5629 | D:5      | Reached skill level 11 in Summonings
  5629 | D:5      | Reached XP level 9. HP: 30/45 MP: 4/18
  6019 | D:6      | Found Uzejocui's Weapon Shoppe.
  6050 | D:6      | Reached * piety under Hepliaklqana
  7124 | D:6      | Reached skill level 12 in Summonings
  7491 | D:7      | Killed from afar by a steam dragon

Illustrated notes

Levels and vault maps discovered:
D:1:      dpeg_arrival_pits, layout_basic, serial_shops, shop,
          minmay_misc_feat_more_columns
D:2:      layout_basic, hellmonk_ecumenical_altar_slurped_away, basic_altar,
          dreamdust_wishing_well, kennysheep_generic_room_7
D:3:      layout_rooms, grunt_qazlal_clouds
D:4:      layout_cave_pools
D:5:      layout_gridville, minmay_temple_entry_poolview,
          chequers_serial_rivers_room_b, corexii_hall_statues_i
D:6:      layout_gridville, serial_shops, nicolae_shop_bloodbath_and_beyond,
          minivault_1
D:7:      layout_loops_cross, enter_bailey_5
Temple:   regret_index_temple_sphere_string

Skill      XL: |  1  2  3  4  5  6  7  8  9 |
---------------+----------------------------+-----
Summonings     | 5 6 7 8 9 11 12 | 12.3
Spellcasting   | 3 4 5 6 |  6.4
Air Magic      | 3 5 6 |  6.8
Dodging        | |  2.1
Stealth        | |  2.0

Action                   |  1- 3 |  4- 6 |  7- 9 || total
-------------------------+-------+-------+-------++-------
Melee: Unarmed           |     1 |       |       ||     1
       Whip              |       |    37 |    29 ||    66
       Kick              |       |    10 |    11 ||    21
       Peck              |       |     3 |     5 ||     8
 Cast: Summon Small Mamm |    60 |     6 |       ||    66
       Call Imp          |     3 |    12 |     3 ||    18
       Call Canine Famil |       |    12 |    23 ||    35
       Summon Lightning  |       |       |     6 ||     6
  Use: Scroll            |       |       |     9 ||     9
 Stab: Sleeping          |       |     1 |       ||     1
       Distracted        |       |       |     1 ||     1
Armor: Robe              |    14 |    21 |    12 ||    47
Dodge: Dodged            |    51 |    50 |    24 ||   125

Table legend: (Time is in decaauts)
 A = Elapsed time spent in this place.
 B = Non-inter-level travel time spent in this place.
 C = Inter-level travel time spent in this place.
 D = Time resting spent in this place.
 E = Time spent auto-exploring this place.
 F = Levels seen in this place.
 G = Mean time per level.
                   A        B        C        D        E       F      G
               +--------+--------+--------+--------+--------+-----+--------+
         Total |   7281 |   7016 |    265 |    209 |   4977 |   8 |  910.1 |
       Dungeon |   7085 |   6889 |    196 |    209 |   4868 |   7 | 1012.1 |
        Temple |    196 |    127 |     69 |      0 |    109 |   1 |  196.0 |
               +--------+--------+--------+--------+--------+-----+--------+

Top non-repeatable levels by time:
     D:5: 1482 daAuts
     D:1: 1459 daAuts
     D:2: 1166 daAuts
     D:6: 1143 daAuts
     D:4: 968 daAuts
     D:3: 700 daAuts
  Temple: 196 daAuts
     D:7: 164 daAuts
